 Dungeon Crawl Stone Soup version 0.22.1-2-g9c5b331383 (webtiles) character file.

193 Gargoyl the Skirmisher (level 5, -6/46 HPs)
             Began as a Centaur Abyssal Knight on Dec 13, 2018.
             Was a Believer of Lugonu.
             Mangled by an iguana (9 damage)
             ... on level 3 of the Dungeon.
             The game lasted 00:04:56 (3585 turns).

Gargoyl the Skirmisher (Centaur Abyssal Knight)     Turns: 3585, Time: 00:04:56

Health: -6/46      AC:  6    Str: 13    XL:     5   Next: 44%
Magic:  7/7        EV:  4    Int: 13    God:    Lugonu [**....]
Gold:   125        SH:  7    Dex: 13    Spells: 4/4 levels left

rFire    . . .     SeeInvis .   a - +1 hand axe
rCold    . . .     Gourm    .   i - +0 shield
rNeg     . . .     Faith    .   d - +0 scale mail
rPois    .         Spirit   .   (no helmet)
rElec    .         Reflect  .   (no cloak)
rCorr    .         Harm     .   (no gloves)
MR       .....                  (no barding)
Stlth    ..........             (no amulet)
HPRegen  0.15/turn              e - ring of flight
MPRegen  0.10/turn              (no ring)

@: very quick
A: large, hooves 3, thin skeletal structure 1, agile 1, clever 1, deformed body,
speed 2, tough skin 3, weak 1
a: Depart the Abyss, Bend Space, Renounce Religion, Evoke Flight


You were on level 3 of the Dungeon.
You worshipped Lugonu.
Lugonu was pleased with you.
You were very hungry.

You visited 1 branch of the dungeon, and saw 4 of its levels.
You visited the Abyss 1 time.

You collected 125 gold pieces.

Inventory:

Hand Weapons
 a - a +1 hand axe (weapon)
 l - a +0 blowgun
Missiles
 m - 13 poisoned needles
Armour
 d - a +0 scale mail (worn)
 i - a +0 shield (worn)
Jewellery
 e - a ring of flight (left hand)
Scrolls
 b - a scroll of enchant armour {unknown}
 f - a scroll of teleportation
 g - 2 scrolls of identify
 h - a scroll of magic mapping {unknown}
 j - 2 scrolls of remove curse
Comestibles
 c - 5 rations


   Skills:
 + Level 3.8 Fighting
 + Level 2.8 Axes
 * Level 2.6 Armour
 + Level 1.0 Dodging
 + Level 0.3 Shields
 * Level 3.1 Invocations


You had 4 spell levels left.
You didn't know any spells.
Your spell library was empty.

Dungeon Overview and Level Annotations

Branches:
Dungeon (4/15)
 Temple: D:4-7

Altars:
Qazlal
Uskayaw
The Shining One


Innate Abilities, Weirdness & Mutations

You have hooves in place of feet.
Armour fits poorly on your strangely shaped body.
You cover ground very quickly.
You have extremely tough skin. (AC +3)
You have a somewhat thin skeletal structure. (Dex +2, Stealth)
You are agile. (Dex +2)
Your mind is acute. (Int +2)
You are weak. (Str -2)


Message History

You hit the iguana.
The iguana is heavily wounded.
You block the iguana's attack.
You hit the iguana but do no damage. Your kick misses the iguana.
The iguana is heavily wounded.
The iguana bites you!
The iguana bites you but does no damage.
Your shield and scale mail prevent you from hitting the iguana.
The iguana is heavily wounded.
The iguana bites you.
You hit the iguana.
The iguana is severely wounded.
The iguana bites you!
* * * LOW HITPOINT WARNING * * *
You closely miss the iguana.
The iguana is severely wounded.
The iguana bites you.
* * * LOW HITPOINT WARNING * * *
The iguana bites you!
You die...

..##...#.######.#.##....########.
...........# ##.#....#.## #.
.###...###.# #.......<.# #. .#
#...# #.###..###..### #.
.###...###......# #..#### #.
.......).....#.## #.....## ##
...............#####.##..##
.....................###..##
.###...###.##.#l@.......#..#####
.# #...# #.#..#................##
.###...###....#.........###....<#
..............#.........# #######
...####.#.#...#.........# ...##
#.......#.........#
....###########.........#
........................#########
...############..................


You could see an iguana.

Vanquished Creatures
  An orc wizard (D:3)
  A hound skeleton (D:4)
  4 gnolls (D:3)
  2 adders
  4 worms (D:2)
  2 dart slugs
  2 leopard geckos
  5 orcs (D:3)
  A ball python (D:2)
  10 bats
  A giant cockroach (D:2)
  7 goblins
  9 hobgoblins
  3 jackals (D:3)
  A quokka (D:2)
  9 frilled lizards
  6 kobolds
  6 rats
74 creatures vanquished.

Notes
Turn   | Place    | Note
-------+----------+-------------------------------------------
     0 | Abyss:1  | Gargoyl the Centaur Abyssal Knight began the quest for the
                  | Orb.
     0 | Abyss:1  | Reached XP level 1. HP: 19/19 MP: 2/2
   136 | Abyss:1  | Noticed a large abomination
   173 | Abyss:1  | Noticed a large abomination
   195 | Abyss:1  | Gained mutation: You are agile. (Dex +2) [potion of
                  | mutation]
   195 | Abyss:1  | Gained mutation: You are weak. (Str -2) [potion of
                  | mutation]
   195 | Abyss:1  | Gained mutation: You have a somewhat thin skeletal
                  | structure. (Dex +2, Stealth) [potion of mutation]
   195 | Abyss:1  | Gained mutation: Your mind is acute. (Int +2) [potion of
                  | mutation]
   208 | Abyss:1  | Noticed a smoke demon
   212 | Abyss:1  | Noticed a ynoxinul
   213 | Abyss:1  | Noticed a chaos spawn
   215 | D:1      | Escaped the Abyss
   710 | D:1      | Reached * piety under Lugonu
   710 | D:1      | Reached XP level 2. HP: 23/26 MP: 3/3
  1355 | D:2      | Reached XP level 3. HP: 22/31 MP: 4/4
  1820 | D:2      | Found a glowing golden altar of the Shining One.
  1948 | D:2      | Reached XP level 4. HP: 24/39 MP: 5/5
  2147 | D:2      | Found a faded altar of an unknown god.
  2152 | D:2      | Reached ** piety under Lugonu
  2746 | D:3      | Found a hide-covered altar of Uskayaw.
  2914 | D:3      | Reached skill level 1 in Dodging
  2914 | D:3      | Reached XP level 5. HP: 40/46 MP: 7/7
  3068 | D:3      | Found a stormy altar of Qazlal.
  3569 | D:4      | Noticed an ogre
  3585 | D:3      | Mangled by an iguana

Skill      XL: |  1  2  3  4  5 |
---------------+----------------+-----
Axes           | 2 |  2.8
Armour         | 2 |  2.6
Dodging        | 1 |  1.0
Invocations    | 3 |  3.1
Fighting       | |  3.8
Shields        | |  0.3

Action                   |  1- 3 |  4- 6 || total
-------------------------+-------+-------++-------
Melee: Hand axe          |   118 |    90 ||   208
       Kick              |    27 |    25 ||    52
Invok: Depart the Abyss  |     1 |       ||     1
  Use: Potion            |     1 |     1 ||     2
       Scroll            |     4 |       ||     4
  Eat: Chunk             |     1 |     1 ||     2
       Ration            |       |     1 ||     1
Armor: Scale mail        |    81 |    41 ||   122
       Leather armour    |     1 |       ||     1
Dodge: Dodged            |    52 |    17 ||    69
Block: Shield            |       |    34 ||    34
